 Dungeon Crawl Stone Soup version 0.29-a0-414-g5075937ec3 (webtiles) character file.

Game seed: 9308676713887998152

162086 Taurus the Sorcerer (level 17, -6/83 HPs)
             Began as a Deep Elf Conjurer on May 15, 2022.
             Was the Champion of Vehumet.
             Mangled by a culicivora (shapeshifter) (14 damage)
             ... on level 1 of the Elven Halls on May 16, 2022.
             The game lasted 03:34:38 (34136 turns).

Taurus the Sorcerer (Deep Elf Conjurer)            Turns: 34136, Time: 03:34:38

Health: -6/83      AC: 10    Str:  4    XL:     17   Next: 21%
Magic:  2/47       EV: 17    Int: 35    God:    Vehumet [******]
Gold:   2046       SH:  0    Dex: 23    Spells: 27/64 levels left

rFire   + + .      SeeInvis .   a - +0 staff of Battle
rCold   + + .      Faith    .   (no shield)
rNeg    . . .      Spirit   .   X - +2 robe {rC+}
rPois   .          Reflect  .   q - +2 helmet {Int+3}
rElec   .          Harm     .   P - scarf {rC+ rF+}
rCorr   .          Rampage  .   v - +2 pair of gloves
Will    ++...                   (no boots)
Stlth   +++.......              i - amulet of regeneration
HPRegen 1.03/turn               Z - ring "Cyapt" {Fly rF+ rC- Will+}
MPRegen 0.30/turn               Y - ring "Cucur" {rC+ Dex+10 Stlth-}

@: engulfed (cannot breathe), flying
A: no striking features
a: Renounce Religion


You were on level 1 of the Elven Halls.
You worshipped Vehumet.
Vehumet was exalted by your worship.
You visited 7 branches of the dungeon, and saw 30 of its levels.
You also visited: Ossuary, Bailey, Gauntlet and Ice Cave.

You collected 3051 gold pieces.
You spent 1005 gold pieces at shops.

Inventory:

Hand Weapons
 a - the +0 staff of Battle (weapon)
   (You found it in a Gauntlet)

   It enhances your conjuration magic.
   It summons a battlesphere in combat, with strength depending on Conjurations
   skill.
   Its strikes trigger the battlesphere's blasts.
Missiles
 f - 719 stones
 O - 5 throwing nets
Armour
 q - a +2 helmet of intelligence (worn)
 v - a +2 pair of gloves (worn)
 P - a scarf of resistance (worn)
 X - a +2 robe of cold resistance (worn)
Jewellery
 i - an amulet of regeneration (around neck)
 r - a ring of magical power
 A - a +4 ring of evasion
 I - an amulet of reflection
 Y - the ring "Cucur" (right hand) {rC+ Dex+10 Stlth-}
   (You found it in a Gauntlet)

   [ring of protection from cold]

   Dex:       It affects your dexterity (+10).
   rC:        It protects you from cold.
   Stlth:     It makes you less stealthy.
 Z - the ring "Cyapt" (left hand) {Fly rF+ rC- Will+}
   (You found it in a Gauntlet)

   [ring of willpower]

   rF:        It protects you from fire.
   rC:        It makes you vulnerable to cold.
   Fly:       It grants you flight.
   Will:      It increases your willpower.
Wands
 n - a wand of paralysis (4)
 u - a wand of iceblast (16)
 w - a wand of polymorph (9)
 z - a wand of mindburst (12)
 J - a wand of charming (7)
 K - a wand of digging (3)
 Q - a wand of acid (25)
 S - a wand of flame (60)
Scrolls
 e - 6 scrolls of teleportation
 h - 4 scrolls of vulnerability
 j - 6 scrolls of blinking
 k - 2 scrolls of immolation
 m - 10 scrolls of fog
 p - 6 scrolls of enchant armour
 s - a scroll of torment
 t - 7 scrolls of magic mapping
 x - 4 scrolls of amnesia
 y - 9 scrolls of enchant weapon
 D - 3 scrolls of poison
 L - 6 scrolls of summoning
 N - 2 scrolls of brand weapon
 V - 2 scrolls of acquirement
 W - 2 scrolls of silence
Potions
 b - 2 potions of magic
 c - 3 potions of resistance
 d - 19 potions of curing
 l - 7 potions of brilliance
 o - 5 potions of invisibility
 B - 8 potions of haste
 C - 6 potions of attraction
 F - 3 potions of cancellation
 G - 10 potions of mutation
 H - 3 potions of flight
 R - 6 potions of heal wounds
 T - a potion of ambrosia
Miscellaneous
 g - a condenser vane
 M - a lightning rod (4/4)
 U - a box of beasts


   Skills:
 + Level 1.3 Fighting
 + Level 4.3 Armour
 + Level 6.2 Dodging
 + Level 7.3 Stealth
 + Level 24.2 Spellcasting
 + Level 20.0 Conjurations
 + Level 13.2 Hexes
 + Level 9.0 Translocations
 + Level 6.0 Fire Magic
 + Level 4.3 Air Magic
 + Level 4.5 Poison Magic


You had 27 spell levels left.
You knew the following spells:

 Your Spells              Type           Power      Damage    Failure   Level
a - Magic Dart            Conj           100%       1d8       0%          1
b - Searing Ray           Conj           100%       2d8       0%          2
c - Dazzling Flash        Conj/Hex       100%       N/A       0%          3
d - Fulminant Prism       Conj/Hex       63%        3d27      0%          4
e - Iskenderun's Mystic   Conj/Tloc      100%       2d19      0%          4
f - Mephitic Cloud        Conj/Pois/Air  100%       N/A       1%          3
g - Foxfire               Conj/Fire      100%       2x1d9     0%          1
h - Sticky Flame          Conj/Fire      100%       2d11      1%          4
i - Conjure Flame         Conj/Fire      100%       6-21      0%          3
j - Fireball              Conj/Fire      58%        3d22      1%          5
k - Orb of Destruction    Conj           67%        9d16      1%          7

Your spell library contained the following spells:

 Spells                   Type           Power      Damage    Failure   Level
 Iron Shot                Conj/Erth      53%        9d10      1%          6
 Apportation              Tloc           100%       N/A       0%          1
 Shock                    Conj/Air       100%       1d9       0%          1
 Slow                     Hex            100%       N/A       0%          1
 Confusing Touch          Hex            94%        N/A       0%          3
 Iskenderun's Battlesphe  Conj           100%       2d15      0%          5
 Summon Small Mammal      Summ           100%       N/A       1%          1
 Call Imp                 Summ           42%        N/A       1%          2
 Call Canine Familiar     Summ           42%        N/A       1%          3
 Portal Projectile        Hex/Tloc       100%       N/A       1%          3
 Summon Guardian Golem    Hex/Summ       73%        N/A       1%          3
 Swiftness                Air            64%        N/A       1%          3
 Vampiric Draining        Necr           42%        2d9       1%          3
 Airstrike                Air            32%        N/A       1%          4
 Leda's Liquefaction      Hex/Erth       36%        N/A       1%          4
 Freezing Cloud           Conj/Ice/Air   49%        6-21      1%          5
 Summon Mana Viper        Hex/Summ       73%        N/A       1%          5
 Conjure Ball Lightning   Conj/Air       56%        3x3d20    1%          6
 Starburst                Conj/Fire      58%        6d15      1%          6
 Summon Forest            Summ/Tloc      32%        N/A       2%          5
 Spellforged Servitor     Conj/Summ      53%        N/A       2%          7
 Lee's Rapid Deconstruct  Erth           21%        3d13*     4%          5
 Alistair's Intoxication  Tmut/Pois      36%        N/A       6%          5
 Eringya's Noxious Bog    Tmut/Pois      27%        N/A       10%         6
 Borgnjor's Vile Clutch   Necr/Erth      21%        N/A       16%         5
 Ignition                 Fire           35%        3d11      58%         8
 Simulacrum               Ice/Necr       21%        N/A       65%         6
 Summon Cactus Giant      Summ           21%        N/A       65%         6
 Polar Vortex             Ice            21%        N/A       100%        9


Dungeon Overview and Level Annotations

Branches:
Dungeon (15/15)            Temple (1/1) D:6            Lair (6/6) D:11
  Swamp (3/4) Lair:4        Snake (2/4) Lair:2        Slime (0/5) Lair:6
    Orc (2/2) D:11            Elf (1/3) Orc:2        Vaults (0/5) D:13
 Depths (0/4) D:15        Ossuary (visited)          Bailey (visited)
  IceCv (visited)         Gauntlet (visited)

Altars:
Ashenzari
Cheibriados
Elyvilon
Fedhas
Hepliaklqana
Kikubaaqudgha
Makhleb
Nemelex Xobeh
Okawaru
Qazlal
Ru
Sif Muna
Trog
Uskayaw
Vehumet
Wu Jian
Xom
Yredelemnul
Zin
The Shining One
Beogh

Shops:
D:5 !   Orc:2 *[(??   Elf:1 [   Snake:1 ::=

Annotations:
Swamp:3 Roxanne
Elf:1 1 transporter, 1 runed translucent door, SirDiesAlot's ghost, journeyman SpEn


Message History

The quicksilver ooze is severely wounded.
The ice dragon changes into a great orb of eyes!
The quicksilver ooze hits you! The quicksilver ooze engulfs you!
The quicksilver ooze barely misses you.
Your battlesphere fires!
The barrage of energy hits the great orb of eyes!
The great orb of eyes is lightly wounded.
The quicksilver ooze misses you. The quicksilver ooze hits you.
You feel your power leaking away. The quicksilver ooze hits you!!
The quicksilver ooze barely misses you.
You cannot cast spells while unable to breathe!
Unknown command.
You cannot cast spells while unable to breathe!
Unknown command.
You cannot read scrolls while unable to breathe!
You feel better.
Your lungs strain for air!
The great orb of eyes changes into a radroach!
The quicksilver ooze completely misses you.
The quicksilver ooze barely misses you. The quicksilver ooze hits you!!
* * * LOW HITPOINT WARNING * * *
The quicksilver ooze hits you!
* * * LOW HITPOINT WARNING * * *
You feel your power leaking away.
SirDiesAlot's ghost hits your battlesphere.
The culicivora barely misses you.
You cannot cast spells while unable to breathe!
Unknown command.
You cannot cast spells while unable to breathe!
You feel much better.
* * * LOW HITPOINT WARNING * * *
Your lungs strain for air!
The quicksilver ooze closely misses you.
The quicksilver ooze hits you!
* * * LOW HITPOINT WARNING * * *
You feel your power leaking away.
The quicksilver ooze closely misses you.
The quicksilver ooze completely misses you.
The culicivora bites you!
You die...

##..###### ##..##
##........####### ##....##
##...............###......#
##....####.©.####...#.....>.
######....##..##### ###.........
.....+....#[?...W?|$ ..##........
######...##.##..*###....#........
#...#..tB.#.....#.##).......
#...#..##.J@?.# ..#.........
#^..#..Yx.s#..##..#.#.......
######...##.Yy#. †#....#.#.......
.....+....#?...# ..p..##.#.......
######....#####. ###©##..#.......
####)))..####©###...+......#
##.).............###.....##
##............###.# ##.....#
######.........)..###..###.......


You could see a bunyip, a radroach shaped shifter (ally target), a snapping
turtle, a quicksilver ooze (berserk), a moth of wrath, a culicivora, a yak
shaped shifter, a sky beast, SirDiesAlot's ghost and a friendly battlesphere.

Vanquished Creatures
  Mlioglotl (Swamp:1)
  Rupert (Lair:4)
  Donald (Swamp:2)
  A nagaraja (Snake:2)
  Kirke (D:14)
  A fenstrider witch (Swamp:2)
  An orc warlord (Orc:2)
  Louise (Swamp:2)
  Aizul (Swamp:2)
  A reaper (IceCv)
  3 eleionomae
  A minotaur (Gauntlet)
  An ettin (D:15)
  2 boulder beetles (D:15)
  Harold (Lair:2)
  2 vault guards (D:13)
  Erolcha (D:12)
  A salamander tyrant (Snake:2)
  17 hydras
  2 ghost crabs
  3 anacondas (Snake:1)
  2 two-headed ogres
  2 centaur warriors (D:15)
  2 naga warriors
  A death knight (D:9)
  5 alligators
  A tengu warrior (D:15)
  20 death yaks
  A dancing weapon (Elf:1)
  5 naga sharpshooters
  Urug (Lair:2)
  A deep elf knight (D:12)
  3 skeletal warriors (D:13)
  A goliath frog (Swamp:3)
  A soul eater (Gauntlet)
  A fire crab (shapeshifter) (D:14)
  6 spriggan druids
  2 deep trolls (D:15)
  5 deep elf archers
  5 wizards
  5 bog bodies
  2 swamp dragons (Swamp:3)
  11 deep elf pyromancers
  3 deep elf zephyrmancers (Elf:1)
  5 orc knights
  3 necromancers
  An ugly thing (D:15)
  2 mana vipers (Snake:2)
  5 orc sorcerers
  A will-o-the-wisp (Swamp:3)
  5 cyclopes
  4 manticores
  16 slime creatures
  3 salamanders
  8 elephants
  19 black mambas
  A guardian serpent (Snake:1)
  2 ice statues (IceCv)
  A moth of wrath (Elf:1)
  4 naga magi
  Joseph (Lair:1)
  11 cane toads
  3 torpor snails
  A cane toad (shapeshifter) (D:15)
  2 gargoyles
  Maggie (D:7)
  2 kobold demonologists (D:13)
  10 komodo dragons
  4 rime drakes
  7 ice devils (IceCv)
  3 freezing wraiths
  2 tengu conjurers
  4 yaktaurs (D:15)
  A queen bee (Gauntlet)
  5 polar bears
  8 trolls
  A bloated husk (Swamp:1)
  7 tyrant leeches
  13 hornets
  6 blink frogs
  Prince Ribbit (D:7)
  11 dream sheep
  A centaur simulacrum (D:14)
  2 vampires
  30 yaks
  Sigmund (D:4)
  A shadow (D:10)
  24 spriggans
  A dire elephant simulacrum (IceCv)
  21 humans (D:13)
  4 wraiths
  2 wyverns
  A steam dragon (D:10)
  3 hogs (D:14)
  2 basilisks
  2 death yak simulacra (IceCv)
  6 vampire mosquitoes (Swamp:1)
  A harpy simulacrum (IceCv)
  15 swamp worms
  15 nagas
  2 acid dragons
  Edmund (D:5)
  2 wargs
  20 water moccasins
  2 swamp drakes
  A sky beast (D:7)
  An ice beast (D:6)
  4 black bears (Lair:6)
  41 orc warriors
  3 boggarts (Lair:6)
  7 ogres
  25 wolves
  10 centaurs
  3 phantoms
  4 two-headed ogre simulacra (IceCv)
  9 bullfrogs
  3 gnoll sergeants
  3 scorpions
  2 cane toad simulacra (IceCv)
  20 wights
  11 killer bees
  9 howler monkeys
  A vampire bat (Lair:3)
  2 centaur zombies (Ossuary)
  A human zombie (Ossuary)
  5 hounds
  A gnoll shaman (Orc:2)
  24 orc priests
  2 iguanas
  4 troll simulacra (IceCv)
  24 orc wizards
  A polar bear simulacrum (IceCv)
  3 spriggan simulacra (IceCv)
  A wolf simulacrum (IceCv)
  3 ogre zombies (Ossuary)
  7 mummies (Ossuary)
  17 adders
  21 gnolls
  2 river rats (D:11)
  5 shadow imps
  5 white imps
  An ufetubus (D:5)
  4 adder zombies (Ossuary)
  8 worms
  6 dart slugs
  93 orcs
  12 bats
  5 endoplasms
  2 giant cockroaches
  8 hobgoblins
  4 jackals (D:4)
  11 quokkas
  7 ball pythons
  6 frilled lizards
  9 goblins
  A goblin zombie (Ossuary)
  5 hobgoblin zombies (Ossuary)
  A kobold (shapeshifter) (Elf:1)
  11 kobolds
  3 kobold zombies (Ossuary)
  2 orc zombies (Ossuary)
  5 quokka zombies (Ossuary)
  9 rats
  4 rat zombies (Ossuary)
  6 bushes (D:7)
  A foxfire (D:11)
  2 fulminant prisms
984 creatures vanquished.

Vanquished Creatures (others)
  A bloated husk (Swamp:1)
  2 bushes (D:7)
  32 foxfires
  285 fulminant prisms
  51 fungi
  60 plants
  4 withered plants (Gauntlet)
435 creatures vanquished.

Grand Total: 1419 creatures vanquished

Notes
Turn   | Place    | Note
-------+----------+-------------------------------------------
     0 | D:1      | Taurus the Deep Elf Conjurer began the quest for the Orb.
     0 | D:1      | Reached XP level 1. HP: 10/10 MP: 6/6
   251 | D:1      | Reached XP level 2. HP: 15/15 MP: 6/8
   353 | D:1      | Reached skill level 5 in Conjurations
   885 | D:2      | Reached XP level 3. HP: 19/19 MP: 7/9
  1186 | D:2      | Learned a level 2 spell: Searing Ray
  1190 | D:2      | Learned a level 3 spell: Dazzling Flash
  1444 | D:2      | Found a sparkling altar of Nemelex Xobeh.
  1645 | D:2      | Reached skill level 4 in Spellcasting
  1645 | D:2      | Reached XP level 4. HP: 24/24 MP: 8/12
  1774 | D:2      | Found a faded altar of an unknown god.
  2327 | D:3      | Reached XP level 5. HP: 28/28 MP: 4/14
  2412 | D:3      | Learned a level 4 spell: Fulminant Prism
  2892 | D:3      | Reached skill level 5 in Spellcasting
  3490 | D:4      | Found a sand-covered staircase.
  3499 | Ossuary  | Entered an ossuary
  3755 | Ossuary  | Reached XP level 6. HP: 23/32 MP: 7/16
  4044 | Ossuary  | Learned a level 4 spell: Iskenderun's Mystic Blast
  4174 | Ossuary  | Reached skill level 6 in Spellcasting
  4232 | Ossuary  | Learned a level 3 spell: Mephitic Cloud
  4360 | Ossuary  | Reached skill level 1 in Armour
  4917 | D:4      | Reached XP level 7. HP: 36/36 MP: 7/18
  5026 | D:4      | Noticed Sigmund
  5147 | D:4      | Reached skill level 7 in Spellcasting
  5340 | D:4      | Killed Sigmund
  5341 | D:4      | Reached skill level 1 in Hexes
  5556 | D:5      | Entered Level 5 of the Dungeon
  5617 | D:4      | Reached XP level 8. HP: 41/41 MP: 15/21
  6064 | D:4      | Reached skill level 8 in Spellcasting
  6407 | D:5      | Noticed Edmund
  6418 | D:5      | Killed Edmund
  6867 | D:5      | Found Pejoihoj's Distillery.
  7150 | D:6      | Reached skill level 9 in Spellcasting
  7601 | D:6      | Found a staircase to the Ecumenical Temple.
  7610 | Temple   | Entered the Ecumenical Temple
  7786 | Temple   | Became a worshipper of Vehumet
  8506 | D:7      | Reached XP level 9. HP: 45/45 MP: 15/24
  8621 | D:7      | Reached skill level 10 in Spellcasting
  8981 | D:7      | Noticed Prince Ribbit
  8986 | D:7      | Killed Prince Ribbit
  9154 | D:7      | Found a sacrificial altar of Ru.
  9399 | D:7      | Reached skill level 11 in Spellcasting
  9408 | D:7      | Noticed Maggie
  9484 | D:7      | Killed Maggie
  9485 | D:7      | Reached skill level 5 in Hexes
  9702 | D:8      | Reached skill level 1 in Translocations
  9707 | D:8      | Reached * piety under Vehumet
  9707 | D:8      | Offered knowledge of Foxfire by Vehumet.
  9710 | D:8      | Learned a level 1 spell: Foxfire
  9980 | D:8      | Reached XP level 10. HP: 50/50 MP: 16/27
 10038 | D:8      | Reached skill level 10 in Conjurations
 10383 | D:9      | Reached skill level 12 in Spellcasting
 10518 | D:9      | Killed a wizard
 10536 | D:9      | Noticed a gargoyle
 10621 | D:9      | Reached ** piety under Vehumet
 10879 | D:9      | Offered knowledge of Sandblast by Vehumet.
 10969 | D:9      | Noticed a death knight
 11008 | D:9      | Found a shimmering altar of Xom.
 11062 | D:9      | Reached skill level 5 in Stealth
 11272 | D:9      | Killed a gargoyle
 11485 | D:9      | Killed a death knight
 11486 | D:9      | Reached skill level 13 in Spellcasting
 11713 | D:10     | Entered Level 10 of the Dungeon
 12191 | D:10     | Offered knowledge of Frozen Ramparts by Vehumet.
 12322 | D:10     | Found a flagged portal.
 12333 | Bailey   | Entered a bailey
 12376 | Bailey   | Reached *** piety under Vehumet
 12617 | Bailey   | Noticed an orc knight
 12619 | Bailey   | Offered knowledge of Sticky Flame by Vehumet.
 12623 | Bailey   | Reached XP level 11. HP: 52/54 MP: 26/30
 12633 | Bailey   | Killed an orc knight
 12698 | Bailey   | Noticed an orc knight
 12707 | Bailey   | Killed an orc knight
 13238 | D:11     | Noticed a death yak
 13319 | D:11     | Found a staircase to the Orcish Mines.
 13451 | D:11     | Noticed a death yak
 13552 | D:11     | Noticed a two-headed ogre
 13560 | D:11     | Killed a two-headed ogre
 13561 | D:11     | Reached skill level 14 in Spellcasting
 13689 | D:11     | Found a staircase to the Lair.
 13739 | D:11     | Reached **** piety under Vehumet
 14204 | D:11     | Identified the +8 chain mail of Fasia {-Tele rPois rC+
                  | Str+7}
 14317 | D:11     | Noticed a death yak
 14325 | D:11     | Killed a death yak
 14331 | D:11     | Killed a death yak
 14332 | D:11     | Reached skill level 15 in Spellcasting
 14415 | D:11     | Killed a death yak
 14416 | D:11     | Reached skill level 1 in Air Magic
 14416 | D:11     | Reached skill level 1 in Poison Magic
 15063 | D:12     | Learned a level 4 spell: Sticky Flame
 15186 | D:12     | Offered knowledge of Conjure Flame by Vehumet.
 15247 | D:12     | Reached skill level 10 in Hexes
 15355 | D:12     | Found a gate leading to a gauntlet.
 15362 | Gauntlet | Entered a Gauntlet
 15362 | Gauntlet | Found a transporter.
 15373 | Gauntlet | Found a transporter.
 15374 | Gauntlet | Found a transporter.
 15377 | Gauntlet | Noticed a soul eater
 15391 | Gauntlet | Found a transporter.
 15393 | Gauntlet | Found a transporter.
 15400 | Gauntlet | Noticed a quicksilver ooze
 15403 | Gauntlet | Noticed an emperor scorpion
 15403 | Gauntlet | a quicksilver ooze changed into an emperor scorpion
 15406 | Gauntlet | Noticed an azure jelly
 15406 | Gauntlet | an emperor scorpion changed into an azure jelly
 15407 | Gauntlet | Found a transporter.
 15413 | Gauntlet | Noticed a deep troll
 15413 | Gauntlet | a polar bear changed into a deep troll
 15415 | Gauntlet | Noticed a catoblepas
 15415 | Gauntlet | an azure jelly changed into a catoblepas
 15416 | Gauntlet | a catoblepas changed into something unseen
 15417 | Gauntlet | Noticed a catoblepas
 15421 | Gauntlet | Noticed a ghost crab
 15424 | Gauntlet | Found the +0 staff of Battle
 15426 | Gauntlet | Found a transporter.
 15428 | Gauntlet | Noticed an entropy weaver
 15428 | Gauntlet | a catoblepas changed into an entropy weaver
 15429 | Gauntlet | Noticed a minotaur
 15429 | Gauntlet | an entropy weaver changed into a minotaur
 15432 | Gauntlet | Noticed a death drake
 15433 | Gauntlet | Found a transporter.
 15442 | Gauntlet | Found a runed translucent gate.
 15443 | Gauntlet | Found a transporter.
 15443 | Gauntlet | Found a runed translucent gate.
 15444 | Gauntlet | Found a runed translucent gate.
 15448 | Gauntlet | Found a transporter.
 15484 | Gauntlet | Found a transporter.
 15484 | Gauntlet | Found a transporter.
 15524 | Gauntlet | Learned a level 3 spell: Conjure Flame
 15526 | Gauntlet | Reached XP level 12. HP: 59/59 MP: 30/33
 15533 | Gauntlet | Identified the ring "Cucur" {rC+ Dex+10 Stlth-}
 15678 | Gauntlet | Found a transporter.
 15678 | Gauntlet | Noticed a six-headed hydra
 15683 | Gauntlet | Noticed a boulder beetle
 15687 | Gauntlet | Identified the ring "Cyapt" {Fly rF+ rC- Will+}
 15687 | Gauntlet | Noticed a two-headed ogre
 15687 | Gauntlet | a boulder beetle changed into a two-headed ogre
 15693 | Gauntlet | a two-headed ogre changed into a wolf spider
 15696 | Gauntlet | Noticed a satyr
 15696 | Gauntlet | a wolf spider changed into a satyr
 15708 | Gauntlet | Killed a ghost crab
 15878 | Gauntlet | Noticed a minotaur
 15884 | Gauntlet | Killed a minotaur
 16406 | D:12     | Reached skill level 16 in Spellcasting
 16554 | D:12     | Noticed Erolcha
 16557 | D:12     | Killed Erolcha
 16558 | D:12     | Reached skill level 1 in Fighting
 16780 | D:13     | Reached ***** piety under Vehumet
 16785 | D:13     | Reached skill level 5 in Dodging
 16785 | D:13     | Reached skill level 17 in Spellcasting
 16792 | D:13     | Noticed a vault guard
 16792 | D:13     | Offered knowledge of Ozocubu's Refrigeration by Vehumet.
 16799 | D:13     | Noticed a vault guard
 16800 | D:13     | Killed a vault guard
 16801 | D:13     | Reached XP level 13. HP: 33/64 MP: 23/36
 16947 | D:13     | Found a gate to the Vaults.
 17138 | D:13     | Reached skill level 5 in Translocations
 17968 | Lair:1   | Entered Level 1 of the Lair of Beasts
 18082 | Lair:1   | Noticed Joseph
 18085 | Lair:1   | Killed Joseph
 18209 | Lair:1   | Reached skill level 18 in Spellcasting
 18219 | Lair:1   | Reached skill level 15 in Conjurations
 18924 | Lair:2   | Found a frozen archway.
 19031 | Lair:2   | Noticed Harold
 19041 | Lair:2   | Killed Harold
 19076 | Lair:2   | Noticed Urug
 19078 | Lair:2   | Killed Urug
 19314 | Lair:2   | Found a staircase to the Snake Pit.
 19453 | Lair:2   | Offered knowledge of Iskenderun's Battlesphere by Vehumet.
 19563 | IceCv    | Entered an ice cave
 19610 | IceCv    | Reached skill level 19 in Spellcasting
 19610 | IceCv    | Reached XP level 14. HP: 70/70 MP: 36/39
 19785 | IceCv    | Noticed a reaper
 19791 | IceCv    | Killed a reaper
 19896 | IceCv    | Reached skill level 1 in Fire Magic
 20510 | Lair:3   | Identified the +0 flail of Dim Light {antimagic, *Noise rC-
                  | Dex+9 SInv}
 20864 | Lair:3   | Found a burning altar of Makhleb.
 21785 | Lair:4   | Noticed Rupert
 21791 | Lair:4   | Killed Rupert
 21923 | Lair:4   | You are sucked into a shaft and drop 2 floors!
 21923 | Lair:6   | Entered Level 6 of the Lair of Beasts
 21936 | Lair:6   | Reached skill level 20 in Spellcasting
 22002 | Lair:6   | Found a staircase to the Slime Pits.
 22381 | Lair:6   | Offered knowledge of Spellforged Servitor by Vehumet.
 22631 | Lair:6   | Reached XP level 15. HP: 74/74 MP: 35/41
 23417 | Lair:5   | Reached ****** piety under Vehumet
 23417 | Lair:5   | Offered knowledge of Lightning Bolt by Vehumet.
 23692 | Lair:5   | Found a glowing golden altar of the Shining One.
 24637 | Lair:4   | Reached skill level 21 in Spellcasting
 24957 | Lair:4   | Found a staircase to the Swamp.
 25210 | Snake:1  | Entered Level 1 of the Snake Pit
 25632 | Snake:1  | Found Vugilus's Jewellery Shop.
 25632 | Snake:1  | Found Onix's Book Shoppe.
 25633 | Snake:1  | Found Fushriw's Book Shoppe.
 25659 | Snake:1  | Bought a book of Fire for 704 gold pieces
 25665 | Snake:1  | Learned a level 5 spell: Fireball
 26325 | Snake:2  | Noticed a nagaraja
 26325 | Snake:2  | Killed a nagaraja
 26628 | Snake:2  | Offered knowledge of Irradiate by Vehumet.
 26975 | Swamp:1  | Entered Level 1 of the Swamp
 26975 | Swamp:1  | Noticed Mlioglotl
 26984 | Swamp:1  | Killed Mlioglotl
 27138 | Swamp:1  | Reached skill level 22 in Spellcasting
 27441 | Swamp:1  | Reached XP level 16. HP: 79/79 MP: 31/44
 27812 | Swamp:2  | Identified the +3 kite shield "Iradieb" {Dex+5}
 27933 | Swamp:2  | Noticed Aizul
 27934 | Swamp:2  | Identified the +4 tower shield of the Hart {MP+9 Int-2
                  | Stlth+}
 27934 | Swamp:2  | Noticed Louise
 27939 | Swamp:2  | Killed Aizul
 27947 | Swamp:2  | Killed Louise
 28126 | Swamp:2  | Noticed Donald
 28130 | Swamp:2  | Killed Donald
 28352 | Swamp:2  | Identified the +7 long sword "Tipsir" {vamp, rElec Stlth+}
 28467 | Swamp:2  | Learned a level 7 spell: Orb of Destruction
 28910 | Swamp:3  | Identified Roxanne's Collected Works on Earth
 28910 | Swamp:3  | Noticed Roxanne
 29361 | D:14     | Reached skill level 23 in Spellcasting
 30010 | D:14     | Found a hazy altar of Hepliaklqana.
 30092 | D:14     | Noticed Kirke
 30096 | D:14     | Killed Kirke
 30096 | D:14     | Offered knowledge of Yara's Violent Unravelling by Vehumet.
 30190 | D:15     | Entered Level 15 of the Dungeon
 30204 | D:15     | Reached skill level 5 in Fire Magic
 31138 | D:15     | Found a staircase to the Depths.
 31431 | Orc:1    | Entered Level 1 of the Orcish Mines
 31734 | Orc:2    | Entered Level 2 of the Orcish Mines
 31734 | Orc:2    | Found Gesax's Magic Scroll Shoppe.
 31867 | Orc:2    | Found a staircase to the Elven Halls.
 32331 | Orc:2    | Offered knowledge of Iron Shot by Vehumet.
 32337 | Orc:2    | Reached XP level 17. HP: 83/83 MP: 38/46
 33070 | Orc:2    | Found Osuag Mifoc's Magic Scroll Shop.
 33355 | Orc:2    | Found Asaelisapu's Antique Weapon Shoppe.
 33360 | Orc:2    | Found Teiwkups's Antique Armour Emporium.
 33425 | Orc:2    | Found Loralaek's General Store.
 33494 | Elf:1    | Entered Level 1 of the Elven Halls
 33497 | Elf:1    | Reached skill level 24 in Spellcasting
 33566 | Elf:1    | Noticed SirDiesAlot's ghost (journeyman SpEn)
 33588 | Elf:1    | Found a transporter.
 33669 | Elf:1    | Found Hatyeni's Armour Shoppe.
 33682 | Elf:1    | Bought a +2 helmet of intelligence for 301 gold pieces
 33800 | Elf:1    | Found a runed translucent door.
 34065 | Elf:1    | Found a transporter.
 34135 | Elf:1    | HP: 1/83 [quicksilver ooze (shapeshifter) (14)]
 34136 | Elf:1    | Mangled by a culicivora (shapeshifter)

Illustrated notes

Levels and vault maps discovered:
D:1:      saegor_arrival_under_anarchy, layout_rooms, minmay_pentomino_q2
D:2:      layout_loops_ring, basic_altar, shapermc_ecumenical_altar_flowoftime,
          minmay_circle_x
D:3:      kennysheep_six_static_rooms, layout_loops_ring, corexii_corridor_pit
D:4:      layout_basic, nicolae_ossuary_entry_plus, uniq_sigmund
D:5:      layout_rooms, serial_shops, nicolae_shop_advertising_works
          [nicolae_subvault_shop_adworks], chequers_serial_rivers_large_a,
          uniq_edmund
D:6:      layout_gridville, minmay_temple_entry_antechambers
D:7:      layout_rooms, nicolae_ru_path_of_blood, minmay_hedge_maze,
          uniq_prince_ribbit1, uniq_maggie
D:8:      layout_rooms
D:9:      layout_irregular_city, grunt_ministairs_8, minmay_ruined_shrine
D:10:     layout_gridville, enter_bailey_3
D:11:     lemuel_troll_bridge, layout_irregular_city, dpeg_lair_monsters,
          minmay_orc_entry_temple_small, corexii_corridor_pit
D:12:     layout_roguey, gauntlet_entry_generic, beargit_elvish_explorers,
          uniq_erolcha
D:13:     layout_basic, grunt_vaults_entry_tiered
D:14:     layout_basic, small_statue_alley_a, minmay_misc_feat_chi,
          nicolae_hepliaklqana_hazy_memory, uniq_kirke
D:15:     hangedman_depths_entry_civil_slaughter, layout_stronghold,
          minmay_fractal_squares_5
Temple:   mainiacjoe_temple_circle_huts
Lair:1:   layout_cave_pods, uniq_joseph
Lair:2:   layout_concentric_octagons, minmay_snake_entry_guardpost_medium,
          portal_ice_cave_rime, uniq_harold, uniq_urug
Lair:3:   layout_regular_city, basic_altar, roderic_batcave, grunt_megastairs_4
Lair:4:   layout_long_grid, palyth_hydra_swamp_entry,
          grunt_forest_small_clearings, grunt_megastairs_2, lemuel_fruit_fields,
          uniq_rupert
Lair:5:   layout_hall_layers, basic_altar, minmay_shattered_shrine
Lair:6:   minmay_lair_end_enchanted_forest, layout_regular_city,
          dpeg_slime_entry_corner, wad_woods_03
Swamp:1:  layout_falls_marsh, evilmike_swamp_ruin_house_2, uniq_mlioglotl
Swamp:2:  nicolae_swamp_standing_stones, layout_basic_swamp,
          nicolae_swamp_fairy_circle, infiniplex_staircase_pool_2, uniq_donald,
          uniq_aizul, uniq_louise
Swamp:3:  layout_basic_swamp, serial_swamp_ruin, evilmike_swamp_ruin_house_4,
          evilmike_swamp_ruin_house_1, swamp_pool4, uniq_roxanne
Snake:1:  layout_onion, minmay_shop_grove
Snake:2:  layout_grid_shapes
Orc:1:    layout_diamond_mine
Orc:2:    grunt_orc_community_town_hall, layout_caves,
          grunt_orc_community_big_house_2, grunt_orc_community_big_house_1,
          grunt_orc_community_house_1, grunt_orc_community_house_2,
          grunt_orc_community_house_2, grunt_orc_community_house_3,
          grunt_orc_community_house_2, grunt_orc_community_house_2,
          serial_shops, shop_coins
Elf:1:    layout_gridlike, serial_shops, shop,
          gammafunk_ghost_berserking_beasts, orc_legates, nicolae_danse_macabre

Skill      XL: |  1  2  3  4  5  6  7  8  9 10 11 12 13 14 15 16 17 |
---------------+----------------------------------------------------+-----
Conjurations   | 5 6 7 8 9 11 12 14 15 17 18 19 20 | 20.0
Spellcasting   | 4 5 6 7 9 11 13 15 17 19 20 22 23 24 | 24.2
Stealth        | 3 4 5 6 7 |  7.3
Armour         | 1 2 3 4 |  4.3
Dodging        | 3 4 5 6 |  6.2
Hexes          | 1 3 6 8 10 11 12 13 | 13.2
Translocations | 1 2 4 5 6 8 9 |  9.0
Air Magic      | 1 2 3 4 |  4.3
Poison Magic   | 1 2 4 |  4.5
Fighting       | 1 |  1.3
Fire Magic     | 2 5 6 |  6.0

Action                   |  1- 3 |  4- 6 |  7- 9 | 10-12 | 13-15 | 16-18 || total
-------------------------+-------+-------+-------+-------+-------+-------++-------
Melee: Staff             |       |       |    11 |       |     1 |     2 ||    14
 Cast: Magic Dart        |    87 |   140 |    93 |    78 |   394 |   169 ||   961
       Searing Ray       |       |    21 |    17 |    14 |     4 |     2 ||    58
       Fulminant Prism   |       |     8 |    55 |   118 |    97 |     9 ||   287
       Iskenderun's Myst |       |       |     5 |    38 |   104 |    49 ||   196
       Mephitic Cloud    |       |       |     3 |    15 |    38 |     2 ||    58
       Foxfire           |       |       |     5 |     1 |    12 |       ||    18
       Sticky Flame      |       |       |       |       |    12 |       ||    12
       Conjure Flame     |       |       |       |       |     4 |       ||     4
       Fireball          |       |       |       |       |    24 |   166 ||   190
       Orb of Destructio |       |       |       |       |       |     4 ||     4
  Use: Potion            |       |       |     1 |       |     1 |     2 ||     4
       Scroll            |       |       |       |    11 |     7 |     9 ||    27
Armor: Robe              |       |     2 |       |       |    10 |    12 ||    24
       Leather armour    |       |    17 |    11 |     8 |       |       ||    36
Dodge: Dodged            |     1 |    28 |    44 |    54 |    33 |    31 ||   191

Table legend: (Time is in decaauts)
 A = Elapsed time spent in this place.
 B = Non-inter-level travel time spent in this place.
 C = Inter-level travel time spent in this place.
 D = Time resting spent in this place.
 E = Time spent auto-exploring this place.
 F = Levels seen in this place.
 G = Mean time per level.
                   A        B        C        D        E       F      G
               +--------+--------+--------+--------+--------+-----+--------+
         Total |  34191 |  32541 |   1650 |   5806 |  18198 |  34 | 1005.6 |
       Dungeon |  17417 |  16562 |    855 |   3385 |   8319 |  15 | 1161.1 |
        Temple |    198 |    179 |     19 |      0 |    138 |   1 |  198.0 |
          Lair |   7060 |   6499 |    561 |    431 |   4971 |   6 | 1176.7 |
         Swamp |   2127 |   2077 |     50 |    158 |   1556 |   3 |  709.0 |
     Snake Pit |   1637 |   1538 |     99 |    554 |    757 |   2 |  818.5 |
  Orcish Mines |   2062 |   1996 |     66 |    111 |   1527 |   2 | 1031.0 |
   Elven Halls |    641 |    641 |      0 |     59 |    390 |   1 |  641.0 |
       Ossuary |   1394 |   1394 |      0 |    617 |    469 |   1 | 1394.0 |
        Bailey |    515 |    515 |      0 |    283 |      0 |   1 |  515.0 |
      Ice Cave |    492 |    492 |      0 |    107 |      0 |   1 |  492.0 |
      Gauntlet |    642 |    642 |      0 |    101 |     71 |   1 |  642.0 |
               +--------+--------+--------+--------+--------+-----+--------+

Top non-repeatable levels by time:
   Orc:2: 1760 daAuts
    D:11: 1689 daAuts
 Snake:1: 1566 daAuts
  Lair:6: 1473 daAuts
 Ossuary: 1394 daAuts
     D:3: 1374 daAuts
     D:9: 1359 daAuts
     D:4: 1298 daAuts
  Lair:4: 1290 daAuts
  Lair:5: 1249 daAuts
     D:6: 1246 daAuts
  Lair:2: 1237 daAuts
    D:10: 1230 daAuts
     D:2: 1213 daAuts
     D:7: 1177 daAuts
